 Dungeon Crawl Stone Soup version 0.30-a0-373-gd37427bb62 (console) character file.

Game seed: 9187344100036701648

10 petzl the Sneak (level 2, -21/23 (24) HPs)
             Began as a Formicid Delver on Nov 23, 2022.
             Demolished by a boulder beetle (44 damage)
             ... on level 12 of the Dungeon.
             The game lasted 00:06:54 (1031 turns).

petzl the Sneak (Formicid Delver)                   Turns: 1031, Time: 00:06:55

HP:   -21/23 (24)   AC:  4    Str: 16    XL:     2   Next: 30%
MP:   2/2           EV: 12    Int:  9    God:
Gold: 0             SH:  0    Dex: 15    Spells: 2/2 levels left

rFire   . . .      SeeInvis +    a - +0 mace
rCold   . . .      Faith    .    (no shield)
rNeg    . . .      Spirit   .    b - +0 leather armour
rPois   .          Reflect  .    (helmet unavailable)
rElec   .          Harm     .    (no cloak)
rCorr   .          Rampage  .    (no gloves)
Will    .....                    m - +0 pair of boots
Stlth   +++.......               (no amulet)
HPRegen 0.23/turn                (no ring)
MPRegen 0.08/turn                (no ring)

@: lightly drained
A: permanent stasis, dig shafts and tunnels, antennae 3, four strong arms
a: Dig, Shaft Self


You were on level 12 of the Dungeon.
You visited 1 branch of the dungeon, and saw 6 of its levels.

Inventory:

Hand Weapons
 a - a +0 mace (weapon)
Missiles
 k - a throwing net
Armour
 b - a +0 leather armour (worn)
 m - a +0 pair of boots (worn)
Wands
 f - a wand of digging (3)
 h - a wand of polymorph (13)
 j - a wand of flame (19)
Scrolls
 c - a scroll of fog
 d - a scroll of magic mapping
 e - a scroll of fear
 i - a scroll of teleportation {unknown}
 l - a scroll of identify {unknown}
Potions
 g - a potion of might {unknown}


   Skills:
 + Level 3.4 Fighting
 - Level 2.0 Maces & Flails
 + Level 0.6 Armour
 + Level 1.9 Dodging
 + Level 6.1 Stealth
 + Level 0.5 Spellcasting


You had 2 spell levels left.
You didn't know any spells.
Your spell library was empty.

Dungeon Overview and Level Annotations

Branches:
Dungeon (13/15)
 Temple: D:4-7         Lair: D:8-11         Orc: D:9-12      Vaults: D:13-14

Altars:
Elyvilon
Zin
The Shining One

Annotations:
D:5 exclusions: ice beast and scorpion, Dowan, Duvessa
D:8 exclusion: 2 sensed monsters (detected)
D:12 exclusions: acid dragon, 2 sensed monsters (detected) and 2 ugly things
D:13 exclusion: 2 slime creatures


Innate Abilities, Weirdness & Mutations

You cannot be hasted, slowed, berserked, paralysed or teleported.
You can dig through walls and to a lower floor.
You have a pair of large antennae on your head. (SInv)
Your four strong arms can wield two-handed weapons with a shield.


Message History

Press: ? - help, v - describe, . - travel
Here: a red ugly thing (asleep)
The floor.
Placed new exclusion.
Unknown command.
Unknown command.
Unknown command.
Unknown command.
Unknown command.
Unknown command.
You sense a monster nearby.
Press: ? - help, . - travel You can't see that place.
Placed new exclusion.
Unknown command.
Found a pair of boots.
You see here a +0 pair of boots.
m - a +0 pair of boots You start putting on your armour.
You continue putting on your +0 pair of boots. x4
You finish putting on your +0 pair of boots.
Found a black potion.
Press: ? - help, v - describe, . - travel The floor.
Unknown command.
Unknown command.
Aiming: Polymorph
Press: ? - help, Shift-Dir - straight line, f - boulder beetle
Aim: a boulder beetle (will become a great orb of eyes, a death drake, or a goliath frog, chance to affect: 31%)
Okay, then.
Unknown command.
Unknown command.
Unknown command.
Unknown command.
The boulder beetle curls into a ball and begins rolling!
Are you sure you want to shaft yourself?
You begin to dig a shaft.
You continue digging a shaft.
The boulder beetle hits you!!!
Ouch! That really hurt!
You die...

.D......# ##..............###....
#....## ###...>..........###.....
...#....###.....####........##.....
#................##..# #........#......
#..............####..###...............
#.........#...## #..##..#####.........
......##.....# ##....## #.........
#...# ##....# #....# #........^ #.##
##...######...## #......... #..##
##..........### ##......... #...##
##............#####.......... ##....##
##.........#...............###
#.###..###..............####.......##
##.# ##..................#####.....##
##.## ##...................##.....##
#..## ##.........................#
#.#...### ##.........................#
#......###..........................#
#..###...#........@.............#####
#..# ##....).......B...........## #.#
#..#..........○.........## ##
#..#...........°........+ { {
#..#...........°........+
..##....................+ { {
#..##..................###
....#........?.........#
###...#..............°.##
#..................#
##.................# .........##..
........#...! ....... ##### ......


You could see a boulder beetle (rolling).

Vanquished Creatures
  5 orcs
5 creatures vanquished.

Notes
Turn   | Place    | Note
-------+----------+-------------------------------------------
     0 | D:5      | petzl the Formicid Delver began the quest for the Orb.
     0 | D:5      | Reached XP level 1. HP: 18/18 MP: 1/1
   109 | D:5      | Noticed a scorpion
   161 | D:6      | Noticed an iguana
   188 | D:5      | Noticed Dowan
   231 | D:5      | Reached XP level 2. HP: 18/24 MP: 2/2
   401 | D:5      | Found a white marble altar of Elyvilon.
   402 | D:5      | Found a glowing silver altar of Zin.
   402 | D:5      | Found a glowing golden altar of the Shining One.
   424 | D:5      | Noticed an ice beast
   547 | D:5      | Noticed Duvessa
   620 | D:6      | You fall into a shaft and drop 2 floors!
   742 | D:8      | Noticed an ice beast
   742 | D:8      | Noticed a wight
   747 | D:8      | Noticed a wight
   747 | D:8      | Noticed a wight
   747 | D:8      | Noticed a wight
   748 | D:8      | Noticed a wight
   759 | D:8      | Noticed a two-headed ogre
   762 | D:8      | You fall into a shaft and drop 2 floors!
   762 | D:10     | Entered Level 10 of the Dungeon
   769 | D:10     | Noticed an orc warrior
   787 | D:10     | You fall into a shaft and drop 2 floors!
   791 | D:12     | Noticed a boulder beetle
   879 | D:13     | Noticed a slime creature
   880 | D:13     | Noticed a slime creature
   894 | D:12     | Noticed an acid dragon
   971 | D:12     | Noticed a purple ugly thing
   975 | D:12     | Noticed a red ugly thing
  1031 | D:12     | Demolished by a boulder beetle

Illustrated notes

Levels and vault maps discovered:
D:5:      layout_loops_ring, dreamdust_divine_triumvirate,
          gammafunk_ghost_cemetery, uniq_prince_ribbit1,
          uniq_crazy_yiuf_cottage, uniq_duvessa
D:6:      layout_basic
D:8:      layout_basic, serial_shops, shop,
          ploomutoo_gammafunk_ghost_potion_laboratory, minmay_alternating_orb
D:10:     layout_loops_ring, slow_altar_2, mainiacjoe_overflow_six_doors_small,
          minmay_orc_entry_temple_small, minivault_15, minmay_tree_intersection,
          minmay_shop_chei
D:12:     kennysheep_bubbly, layout_layer_cave
D:13:     minmay_opposing_rooms, layout_rooms, kennysheep_treasure_room,
          uniq_maurice, uniq_erolcha, uniq_nessos

Action                   || total
-------------------------++-------
Melee: Mace              ||    31
 Abil: Shaft Self        ||     4
Armor: Leather armour    ||     6
Dodge: Dodged            ||    17

Table legend: (Time is in decaauts)
 A = Elapsed time spent in this place.
 B = Non-inter-level travel time spent in this place.
 C = Inter-level travel time spent in this place.
 D = Time resting spent in this place.
 E = Time spent auto-exploring this place.
 F = Levels seen in this place.
 G = Mean time per level.
                   A        B        C        D        E       F      G
               +--------+--------+--------+--------+--------+-----+--------+
         Total |   1039 |   1039 |      0 |    214 |    445 |   6 |  173.2 |
       Dungeon |   1039 |   1039 |      0 |    214 |    445 |   6 |  173.2 |
               +--------+--------+--------+--------+--------+-----+--------+

Top non-repeatable levels by time:
     D:5: 555 daAuts
    D:12: 237 daAuts
     D:8: 141 daAuts
     D:6: 72 daAuts
    D:10: 26 daAuts
    D:13: 6 daAuts
